 Dungeon Crawl Stone Soup version 0.01-2087-gb5e28fc70b (webtiles) character file.

Game seed: 10565425525148128375, levelgen mode: deterministic

221 sking99 the Firebug (level 5, 4/4 HPs) Fairy Fire Elementalist. Began on May 31, 2020. Quit the game on level 3 of the Dungeon. The game lasted 00:07:03 (1558 turns).

sking99 the Firebug (Fairy Fire Elementalist)       Turns: 1558, Time: 00:07:04

Health: 4/4        AC:  0    Str:  2    XL:     5 ^: 63
Magic:  0/3        EV: 25    Int: 18    God:
Gold:   104        SH:  0    Dex: 18    Spells: 9/12 levels left

rFire    . . .     Vision   .   (no jewelry)
rCold    . . .     Gourm    .
rNeg     . . .     Faith    .
rPois    .         Spirit   .
rElec    .         Reflect  .
rCorr    .         Harm     .
MR       +....
Stlth    +.........
HPRegen  0.11/turn
MPRegen  0.13/turn

@: very slightly contaminated, glowing, slow
A: tiny, no armour or weapons, only one jewelry slot, no melee attacks, fairy
magic, fairy shield, fairy light, decreased potion and divine healing, slowness
1, able to fly, insubstantial
a: Fly


You were on level 3 of the Dungeon.
You were near starving.

You visited 1 branch of the dungeon, and saw 3 of its levels.

You collected 104 gold pieces.

Inventory:

Jewellery
 c - an uncursed amulet of rage
 f - a cursed ring of stealth {(Curse: rC-)}
Scrolls
 e - a scroll of magic mapping
 g - a scroll of amnesia
 h - a scroll of fog
 i - a scroll of enchantment
 k - a scroll of teleportation
Potions
 a - a potion of might
 d - a potion of brilliance
 j - 2 potions of curing
Comestibles
 b - 4 rations


   Skills:
 + Level 2.9 Dodging
 + Level 1.5 Stealth
 + Level 4.1 Spellcasting
 * Level 6.0 Fire Magic


You had 9 spell levels left.
You knew the following spells:

 Your Spells              Type           Power        Failure   Level  Hunger
a - Foxfire               Fire           25 (25)      1%          1    None
b - Searing Ray           Fire           25 (50)      1%          2    ##.....

Your spell library contained the following spells:

 Spells                   Type           Power        Failure   Level  Hunger
 Conjure Flame            Fire           25 (100)     3%          3    ###....
 Inner Flame              Hex/Fire       14 (100)     13%         3    ###....
 Fireball                 Fire           25 (200)     32%         5    ######.
 Sticky Flame             Fire/Pois      14 (100)     38%         4    ####...


Dungeon Overview and Level Annotations

Branches:
Dungeon (3/8)

Altars:
Dithmenos
Elyvilon
Gozag
Trog
Zin


Innate Abilities, Weirdness & Mutations

You are too small to use any gear.
You can wear a single ring or amulet completely around your body.
You are incapable of melee of any kind.
Your magic reserves are extremely low but spells that normally cost one mana are free and all other spells cost one mana.
You are extremely frail but all attacks that strike you do exactly one damage.
You exude a bright light in a small radius around yourself.
The effect of potions and godly healing effects is reduced to match your tiny health and magic reserves.
You cover ground slowly.
You can fly continuously.
Your insubstantial form boosts your evasion and grants immunity to sticky flames, nets and constriction.


Message History

The orc priest barely misses you (0).
Casting: Searing Ray (safe; 1% risk of failure)
Confirm with . or Enter, or press ? or * to list all spells.
Aiming: Searing Ray (safe; 1% risk of failure)
Press: ? - help, Shift-Dir - straight line, f/p - orc priest
Aim: an orc priest, wielding a +0 short sword and wearing a +0 ring mail (moderately wounded (9/13), haloed)
The searing ray hits the orc priest (1).
The orc priest is moderately wounded. (8/13) HP (Press . to maintain the ray.)
Casting: Searing Ray (safe; 1% risk of failure)
Confirm with . or Enter, or press ? or * to list all spells.
You conjure some foxfire!
The foxfire hits the orc priest but does no damage (0).
The orc priest is moderately wounded. (8/13) HP Do you really want to walk into your foxfire?
The orc priest looks satisfied for a moment.
You're too small and insubstantial to effectively melee attack.
You're too small and insubstantial to effectively melee attack.
Unknown command.
Are you sure you want to abandon this character and quit the game? (Confirm with "yes".)

#.# #.#..........#
#.# #.#[#######..#
#.###†#.########.#
#...!............#
#####.#.##########
#.....#.#
#.#####.# #####.#
#.o@*.# #.##### #)
.. ... #... ....
###..


You could see an orc priest.

Vanquished Creatures
  A scorpion (D:3)
  A hound (D:2)
  5 adders (D:2)
  5 worms (D:2)
  2 oozes
  5 leopard geckos
  3 orcs
  A giant cockroach (D:2)
  5 goblins
  4 hobgoblins
  4 jackals (D:2)
  A quokka (D:2)
  5 bats
  5 frilled lizards
  4 kobolds
  2 rats
53 creatures vanquished.

Vanquished Creatures (others)
  105 foxfires
105 creatures vanquished.

Grand Total: 158 creatures vanquished

Notes
Turn   | Place    | Note
-------+----------+-------------------------------------------
     0 | D:1      | sking99 the Fairy Fire Elementalist began the quest for the
                  | Orb.
     0 | D:1      | Reached XP level 1. HP: 3/3 MP: 3/3
   245 | D:1      | Reached XP level 2. HP: 3/3 MP: 3/3
   277 | D:1      | Reached skill level 4 in Fire Magic
   638 | D:1      | Learned a level 2 spell: Searing Ray
   657 | D:2      | Reached XP level 3. HP: 4/4 MP: 2/3
   706 | D:2      | Found a glowing silver altar of Zin.
   802 | D:2      | Reached XP level 4. HP: 3/4 MP: 1/3
   833 | D:2      | Reached skill level 5 in Fire Magic
   864 | D:2      | Found an opulent altar of Gozag.
   867 | D:2      | Found a white marble altar of Elyvilon.
   987 | D:2      | Found a shadowy altar of Dithmenos.
  1026 | D:2      | Reached XP level 5. HP: 4/4 MP: 2/3
  1180 | D:2      | Found a bloodstained altar of Trog.
  1466 | D:3      | Reached skill level 6 in Fire Magic
  1558 | D:3      | Quit the game

Levels and vault maps discovered:
D:1:      moated_graveyard_arrival, layout_basic, kennysheep_generic_room_11
D:2:      layout_loops_ring, old_standard_altar, kennysheep_little_box,
          nicolae_overflow_hidden_temple, minmay_misc_feat_doors,
          minmay_misc_feat_ornament
D:3:      layout_basic, gammafunk_temple_overflow_elements, first_ration,
          ossuary_tomb_2

Skill      XL: |  1  2  3  4  5 |
---------------+----------------+-----
Fire Magic     | 4 5 6 |  6.0
Spellcasting   | 3 4 |  4.1
Dodging        | |  2.9
Stealth        | |  1.5

Action                   |  1- 3 |  4- 6 || total
-------------------------+-------+-------++-------
 Cast: Foxfire           |    54 |    12 ||    66
       Searing Ray       |     3 |    19 ||    22
  Eat: Chunk             |       |     2 ||     2
Dodge: Dodged            |    36 |    29 ||    65
